 Dungeon Crawl Stone Soup version 0.31-a0-765-g67fe2935dc (webtiles) character file.

Game seed: 10270283895102845895

305 Demosthentine the Ducker (level 6, 43/47 HPs)
             Began as a Demonspawn Gladiator on Sept 16, 2023.
             Got out of the dungeon alive.
             The game lasted 00:02:37 (2340 turns).

Demosthentine the Ducker (Demonspawn Gladiator)     Turns: 2340, Time: 00:02:37

Health: 43/47      AC:  4    Str: 17    XL:     6   Next: 16%
Magic:  6/6        EV: 13    Int:  9    God:
Gold:   147        SH:  0    Dex: 14    Spells: 5/5 levels left

rFire   . . .        a - +0 trident
rCold   . . .        (no shield)
rNeg    . . .        b - +0 leather armour
rPois   .            c - +0 helmet
rElec   .            (no cloak)
rCorr   .            (no gloves)
SInv    .            (no boots)
Will    .....        (no amulet)
Stlth   +            (no ring)
HPRegen 0.27/turn    (no ring)
MPRegen 0.20/turn

%: guardian spirit
@: no status effects
A: claws 1, magic shield, magic regeneration
a: no special abilities


You escaped.
You visited 1 branch of the dungeon, and saw 3 of its levels.

You collected 147 gold pieces.

Inventory:

Hand Weapons
 a - a +0 trident (weapon)
Missiles
 d - 2 throwing nets (quivered)
 e - a javelin
Armour
 b - a +0 leather armour (worn)
 c - a +0 helmet (worn)
Jewellery
 g - a +5 ring of evasion
 h - an amulet of the acrobat
Wands
 l - a wand of iceblast (9)
Scrolls
 j - 2 scrolls of identify
 m - a scroll of teleportation
Potions
 f - a potion of ambrosia
 i - a potion of attraction
 k - a potion of berserk rage


   Skills:
 + Level 3.6 Fighting
 + Level 3.9 Polearms
 - Level 1.7 Throwing
 + Level 2.5 Armour
 + Level 3.9 Dodging


You had 5 spell levels left.
You didn't know any spells.
Your spell library was empty.

Dungeon Overview and Level Annotations

Branches:
Dungeon (3/15)

Altars:


Innate Abilities, Weirdness & Mutations

You have sharp fingernails.
When hurt, damage is shared between your health and your magic reserves.
You regenerate magic rapidly.


Message History

You barely miss something.
You hear some strange, mumbled words.
A puff of flame appears from out of thin air!
The puff of flame misses you.
You hit something. Something barely misses you.
You closely miss something. Your punch misses something.
You hear some strange, mumbled words.
A magic dart appears from out of thin air!
The magic dart hits you!
* * * LOW HITPOINT WARNING * * *
You closely miss something.
You hear some strange, mumbled words.
Something tries to affect you, but you resist.
You barely miss something. Something hits you.
* * * LOW HITPOINT WARNING * * *
You miss something. Something hits you.
* * * LOW HITPOINT WARNING * * *
You puncture something!
Reactivating autopickup.
You feel a bit more experienced.
Your Armour skill increases to level 2!
You have reached level 6!
Your demonic ancestry asserts itself...
Your fingernails lengthen.
Things that are here:
a +0 scythe; a +2 robe of willpower What level of the Dungeon? (default 3, ? - help)
There is an open door here.
There is an open door here.
There is an open door here.
There is an open door here.
There is an open door here.
There is a stone staircase leading up here.
You climb upwards.
There is a stone staircase leading down here.
There is a stone staircase leading up here.
You climb upwards.
There is a stone staircase leading down here.
There is a staircase leading out of the dungeon here.
You have escaped!

.# #.#......# #.########....>. .#
##.##.#...###.# #..#### .#
#..#..........# ####..# .#
#.##..........# #.....# .#
#.##..........## #.##.## .#
#.###....##.##.# #.##.##### .#
#.#...####...#### #.##......
######.#####.........######.#####
..)....##.......@.......###.#
#####..#####.........####...#
#..#...####...######.##.#
#..#.#.#.###.###.##.....#
#..#.#.#.#............#######
#..#.#.#............#...(....
#####[...#.###.#####.##...#######
#..........###.# #.####........
#.####.........# #.# #########


There were no monsters in sight!

Vanquished Creatures
  Sigmund (D:3)
  A phantom (D:3)
  3 adders
  A dart slug (D:1)
  An orc (D:3)
  3 ball pythons
  4 bats
  5 endoplasms
  3 giant cockroaches
  2 goblins
  4 hobgoblins
  6 kobolds
  6 rats
40 creatures vanquished.

Notes
Turn   | Place    | Note
-------+----------+-------------------------------------------
     0 | D:1      | Demosthentine the Demonspawn Gladiator began the quest for
                  | the Orb.
     0 | D:1      | Reached XP level 1. HP: 16/16 MP: 1/1
   213 | D:1      | Gained mutation: You regenerate magic rapidly. [demonic
                  | ancestry]
   213 | D:1      | Reached XP level 2. HP: 10/22 MP: 2/2
  1069 | D:2      | Reached skill level 1 in Armour
  1151 | D:2      | Found a faded altar of an unknown god.
  1294 | D:2      | Gained mutation: When hurt, damage is shared between your
                  | health and your magic reserves. [demonic ancestry]
  1294 | D:2      | Reached XP level 3. HP: 15/28 MP: 3/3
  1933 | D:3      | Noticed a phantom
  1952 | D:3      | Killed a phantom
  1953 | D:3      | Reached XP level 4. HP: 17/35 MP: 2/4
  2011 | D:3      | Reached XP level 5. HP: 37/41 MP: 5/5
  2128 | D:3      | Noticed Sigmund
  2184 | D:3      | HP: 1/41 [something (4)]
  2185 | D:3      | Killed Sigmund
  2186 | D:3      | Gained mutation: You have sharp fingernails. [demonic
                  | ancestry]
  2186 | D:3      | Reached XP level 6. HP: 1/47 MP: 0/6
  2340 | D:$      | Got out of the dungeon alive.

Illustrated notes

Levels and vault maps discovered:
D:1:      dpeg_arrival_rhombus, layout_loops_ring
D:2:      layout_loops_ring, shapermc_ecumenical_altar_flowoftime
D:3:      layout_basic, lemuel_doored_altar, grunt_ministairs_10,
          hangedman_abyss_or_decor_lesser_grid, uniq_sigmund

Skill      XL: |  1  2  3  4  5 |
---------------+----------------+-----
Polearms       | 3 |  3.9
Dodging        | 3 |  3.9
Armour         | 1 2 |  2.5
Fighting       | 3 |  3.6
Throwing       | |  1.7

Action                     |  1- 3 |  4- 6 || total
---------------------------+-------+-------++-------
  Melee: Trident           |    97 |    39 ||   136
  Throw: Throwing net      |       |     1 ||     1
    Use: Scroll            |     6 |       ||     6
   Stab: Sleeping          |     2 |       ||     2
         Distracted        |       |     1 ||     1
 Armour: Leather armour    |    70 |    25 ||    95
  Dodge: Dodged            |    63 |    13 ||    76

Table legend: (Time is in decaauts)
 A = Elapsed time spent in this place.
 B = Non-inter-level travel time spent in this place.
 C = Inter-level travel time spent in this place.
 D = Time resting spent in this place.
 E = Time spent auto-exploring this place.
 F = Levels seen in this place.
 G = Mean time per level.
                   A        B        C        D        E       F      G
               +--------+--------+--------+--------+--------+-----+--------+
         Total |   2360 |   2195 |    165 |     31 |   1799 |   3 |  786.7 |
       Dungeon |   2360 |   2195 |    165 |     31 |   1799 |   3 |  786.7 |
               +--------+--------+--------+--------+--------+-----+--------+

Top non-repeatable levels by time:
     D:1: 892 daAuts
     D:2: 878 daAuts
     D:3: 589 daAuts
